[Event "7th Uppsala Young Champions"]
[Site "Uppsala"]
[Date "2020.10.26"]
[Round "6.9"]
[White "Johnson, Daniel"]
[Black "Nemec, Jachym"]
[Result "1/2-1/2"]
[ECO "B51"]
[WhiteElo "2100"]
[BlackElo "2246"]
[Annotator "NA"]
[PlyCount "94"]
[EventDate "2020.10.23"]
[EventType "swiss"]
[EventCountry "SWE"]
[SourceTitle "playchess.com"]
[Source "ChessBase"]
[SourceQuality "1"]
[TimeControl "5400+30"]

1. e4 c5 2. Nf3 d6 3. Bb5+ Nd7 4. c3 Ngf6 5. Qe2 a6 6. Ba4 b5 7. Bc2 c4 {[%emt 0:00:36] B51: Sicilian: Moscow Variation (3 Bb5+) without 3...Bd7.} 8. b3 cxb3 9. axb3 Bb7 {[%emt 0:00:00] [#]} 10. b4 $146 ({Predecessor:} 10. d4 e6 11. O-O Be7 12. Nbd2 O-O 13. b4 Rc8 14. Bb2 h6 15. Nb3 Nb6 16. Na5 {0-1 (56) Livaic,L (2507)-Aditya,M (2438) chess.com INT 2020}) 10... e6 11. O-O Be7 12. d3 O-O 13. Bb2 Qc7 14. Rc1 e5 15. c4 bxc4 16. dxc4 Rfc8 17. Nbd2 a5 18. b5 Nc5 19. g3 Bd8 20. Ne1 Qe7 21. Ng2 Bb6 22. Ne3 Ne6 ({Not} 22... Nfxe4 $2 23. Nf5 $18) ({Wrong is} 22... Ncxe4 $2 23. Nxe4 Nxe4 24. Nf5 $18) 23. Nd5 Bxd5 24. exd5 Bd4 25. Rcb1 (25. Ba3 $5 Bxa1 26. dxe6 $14) 25... Bxb2 26. Rxb2 Nd4 27. Qd3 $11 g6 28. b6 Rcb8 29. Ba4 Nd7 30. b7 Ra7 31. Bc6 Nc5 32. Qb1 a4 33. Ne4 Nxe4 34. Qxe4 Qc7 35. Rba2 f5 36. Qg2 e4 37. Rxa4 Rxa4 38. Rxa4 Nxc6 39. dxc6 Qxc6 40. Ra8 Rxa8 41. bxa8=Q+ Qxa8 42. Qf1 Qa3 43. Qd1 Qc5 44. Qa4 Qc7 45. Qe8+ Kg7 46. Qe6 Qf7 47. Qxd6 Qxc4 1/2-1/2

[Event "7th Uppsala Young Champions"]
[Site "Uppsala"]
[Date "2020.10.26"]
[Round "6.10"]
[White "Mica, Marek"]
[Black "Radeva, Viktoria"]
[Result "1-0"]
[ECO "D36"]
[WhiteElo "2294"]
[BlackElo "2263"]
[Annotator "NA"]
[PlyCount "107"]
[EventDate "2020.10.23"]
[EventType "swiss"]
[EventCountry "SWE"]
[SourceTitle "playchess.com"]
[Source "ChessBase"]
[SourceQuality "1"]
[TimeControl "5400+30"]

1. d4 d5 2. c4 e6 3. Nc3 Nf6 4. cxd5 exd5 5. Bg5 c6 6. e3 Bd6 7. Bd3 O-O 8. Qc2 h6 9. Bh4 Nbd7 10. Nf3 Re8 11. Bg3 Bxg3 {[%emt 0:07:10] D36: Queen's Gambit Declined: Exchange Variation: Main line (5 Bg5 c6 6 Qc2).} 12. hxg3 Qe7 13. O-O Ne4 14. Bxe4 dxe4 15. Nd2 Nf6 {[%emt 0:00:15] [#]} 16. Rab1 $146 ({Predecessor:} 16. b4 Bf5 17. Qb2 Rad8 18. Rfc1 a6 19. a4 Ng4 20. Nf1 Nf6 21. b5 cxb5 22. axb5 {1-0 (38) Cech,T (2180)-Blaha,P Czechia 1995}) 16... Bf5 17. b4 Ng4 18. Rfc1 h5 19. Nf1 Qg5 20. b5 h4 (20... Bd7 $11 {keeps the balance.}) 21. Ne2 Re6 22. bxc6 bxc6 23. Rb2 hxg3 24. Nexg3 Bg6 25. Qc5 Qh4 26. Rcb1 Kh7 27. Rb8 Rxb8 28. Rxb8 Qf6 29. Rb2 Qe7 30. Qxe7 Rxe7 31. a4 Nf6 32. Nd2 Nd5 33. Rc2 Re6 34. Nc4 f6 35. Na5 Be8 36. Nb7 Kg8 37. Rc5 (37. Nc5 $18 {is more deadly.} Re7 38. Nf5) 37... Kf8 (37... g6 $16) 38. Ra5 (38. Rc1 $142) 38... Re7 39. Nd6 $16 Bg6 40. Rc5 Re6 41. Nb7 Nb4 42. Rc4 Nd5 43. Rc5 Be8 44. Nf5 Bg6 45. Nfd6 Be8 46. Ra5 Re7 47. Rxa7 Rd7 48. a5 Ke7 49. Nc8+ Kf8 50. a6 Nb4 51. Ncd6 Ke7 52. Ra8 Bf7 53. Nf5+ Ke6 54. Nc5+ 1-0

[Event "7th Uppsala Young Champions"]
[Site "Uppsala"]
[Date "2020.10.26"]
[Round "6.12"]
[White "Hrescak, Ivana"]
[Black "Olsson, William"]
[Result "1/2-1/2"]
[ECO "A08"]
[WhiteElo "2237"]
[BlackElo "2192"]
[Annotator "NA"]
[PlyCount "82"]
[EventDate "2020.10.23"]
[EventType "swiss"]
[EventCountry "SWE"]
[SourceTitle "playchess.com"]
[Source "ChessBase"]
[SourceQuality "1"]
[TimeControl "5400+30"]

1. Nf3 d5 2. g3 c5 3. Bg2 Nc6 4. d3 Nf6 5. O-O e5 6. Nbd2 Be7 7. e4 O-O 8. Re1 d4 9. Nc4 Qc7 {[%emt 0:01:05] A08: King's Indian Attack.} 10. a4 b6 11. Nh4 {[%emt 0:01:39] [#]} Re8 $146 ({Predecessor:} 11... g6 12. Bh6 Re8 13. h3 Rb8 14. b3 a6 15. Kh2 b5 16. axb5 axb5 17. Nd2 Be6 {0-1 (46) Petrov,P (2095)-Simeonov,S (2370) Sofia 2004}) 12. f4 Nd7 13. Nf5 Bf8 14. Rf1 a6 15. c3 (15. Qg4 $5 ) 15... Rb8 16. cxd4 cxd4 17. Kh1 b5 18. axb5 axb5 19. Nxe5 Ndxe5 20. fxe5 Nxe5 21. Bf4 Qb6 22. Rc1 Ra8 {[%emt 0:03:59] [#]} (22... Bd7 $11 {keeps the balance.}) 23. Qd2 (23. Nh6+ $1 $16 gxh6 24. Bxe5) 23... Ng6 24. Bc7 Qa7 25. Qf2 Ne5 26. Bxe5 Rxe5 27. Qxd4 (27. Ra1 $16 Ba6 28. Ra2 (28. Nxd4 f6 $16)) 27... Rxf5 28. Qxa7 Rxf1+ 29. Bxf1 Rxa7 30. Rxc8 Ra1 31. Kg2 Ra2 {[%emt 0:00:10] [#]} (31... f6 $14) 32. Rc2 ({Better is} 32. e5 $1 $16) 32... Ba3 33. Kf3 Rxb2 ({Black should try} 33... f6 $1 $14) 34. Rc8+ Bf8 {[%emt 0:00:08] [#]} 35. d4 ({Better is} 35. e5 $1 $16) 35... Rb3+ 36. Kf2 f6 37. Rb8 $14 Kf7 38. Bxb5 Rb4 39. Ke3 Bd6 40. Rb7+ Kf8 41. Bc6 Rxb7 1/2-1/2

[Event "7th Uppsala Young Champions"]
[Site "Uppsala"]
[Date "2020.10.26"]
[Round "6.14"]
[White "Ostlund, Joar"]
[Black "Nilsson, Joakim"]
[Result "0-1"]
[ECO "D53"]
[WhiteElo "2106"]
[BlackElo "2224"]
[Annotator "NA"]
[PlyCount "86"]
[EventDate "2020.10.23"]
[EventType "swiss"]
[EventCountry "SWE"]
[SourceTitle "playchess.com"]
[Source "ChessBase"]
[SourceQuality "1"]
[TimeControl "5400+30"]

1. d4 d5 2. Nf3 Nf6 3. c4 e6 4. Nc3 Be7 5. Bf4 O-O 6. e3 b6 7. Bd3 dxc4 8. Bxc4 Bb7 9. O-O Bd6 10. Bg5 Be7 11. Qe2 Ne4 {[%emt 0:02:23] D53: Queen's Gambit Declined: 4 Bg5 Be7: Early deviations.} 12. Bxe7 Qxe7 13. Rac1 Nxc3 14. Rxc3 {[%emt 0:00:17] [#]} Nd7 $146 ({Predecessor:} 14... c6 15. Bd3 Nd7 16. Be4 Rac8 17. Qc2 Nf6 18. Bxc6 Bxc6 19. Rxc6 Rxc6 20. Qxc6 Qb4 21. Qc2 Nd5 22. a3 Qd6 23. Rc1 Rd8 24. g3 f5 25. Ne5 h6 26. Qe2 Nf6 27. Qa6 {1-0 (26) Kozul,Z (2593)-Cassidy,J Kallithea 2008}) 15. Bb5 c5 16. Bxd7 Qxd7 17. dxc5 bxc5 18. Rxc5 Rac8 19. Rfc1 Rxc5 20. Rxc5 Qa4 21. a3 Rd8 22. h3 h6 23. Rc7 Be4 24. Nd4 Qa5 25. Rc3 Qb6 {[%emt 0:03:45] [#]} 26. Nb3 (26. b4 $1 $16) 26... Qd6 ({Better is} 26... Bg6 $14) 27. Nc5 Bg6 28. b4 Qe5 29. Rc1 Bh5 30. Qc2 Bg6 {[%emt 0:01:30] [#]} (30... Kh8 $16 31. g4 Bg6) 31. Qa4 $1 Qd5 (31... Qb2 $16 32. Rf1 Kh7 33. Qxa7 Qc3) 32. Qxa7 Qd2 33. Rf1 Bh5 34. Ne4 $18 (34. g4 $142) 34... Qb2 35. Qa5 Rd5 36. Qa4 Kh7 37. Nc5 Rg5 38. Nd3 Bf3 39. Ne1 Qe2 40. h4 Rg4 41. g3 Be4 42. Qe8 Rxh4 43. Ng2 Rh1+ 0-1

[Event "7th Uppsala Young Champions"]
[Site "Uppsala"]
[Date "2020.10.26"]
[Round "6.19"]
[White "Grahn, Vidar"]
[Black "Buchert, Matthaus"]
[Result "1-0"]
[ECO "B33"]
[WhiteElo "1864"]
[BlackElo "1427"]
[Annotator "NA RC"]
[PlyCount "73"]
[EventDate "2020.10.23"]
[EventType "swiss"]
[EventCountry "SWE"]
[SourceTitle "playchess.com"]
[Source "ChessBase"]
[SourceQuality "1"]
[TimeControl "5400+30"]

1. e4 c5 2. Nf3 Nc6 3. d4 cxd4 4. Nxd4 Nf6 5. Nc3 e5 6. Ndb5 d6 7. Bg5 a6 8. Na3 b5 9. Nd5 Be7 10. Bxf6 Bxf6 11. c3 O-O 12. Nc2 Rb8 13. h4 g6 14. g3 {[%emt 0:02:21] B33: Sicilian: Pelikan and Sveshnikov Variations.} Bg7 15. h5 Ne7 16. Nce3 Nxd5 17. Nxd5 Bb7 {[%emt 0:01:54] [#]} 18. hxg6 $146 ({Predecessor:} 18. Be2 Bf6 19. Qd3 Bg5 20. Rd1 Rc8 21. Bf3 Rc5 22. Ne3 Rc6 23. Nd5 Rc5 24. Ne3 Rc6 25. Nd5 Rc5 {½-½ (25) Mueller,G (2575)-Moll,R (2603) GER email 2015}) 18... fxg6 19. Bh3 Qg5 20. Be6+ Kh8 21. Qd3 Rbe8 22. Bd7 Rd8 23. Bh3 Bh6 24. Ke2 Bxd5 25. exd5 Rf6 26. Be6 $19 (26. Bg2 $15) 26... Rdf8 27. Rh2 Rf3 28. Qc2 Re3+ 29. Kd1 Rff3 30. fxe3 Rf1+ 31. Ke2 Rxa1 32. Qe4 Rxa2 33. Kd3 a5 34. Qf3 b4 35. Rxh6 Qd8 36. Qf7 Qg8 37. Qxg8# 1-0

[Event "7th Uppsala Young Champions"]
[Site "Uppsala"]
[Date "2020.10.27"]
[Round "7.6"]
[White "Heimisson, Hilmir Freyr"]
[Black "Falkevall, Axel"]
[Result "0-1"]
[ECO "A14"]
[WhiteElo "2352"]
[BlackElo "2121"]
[Annotator "ChessBase"]
[PlyCount "122"]
[EventDate "2020.10.23"]
[EventType "swiss"]
[EventCountry "SWE"]
[SourceTitle "playchess.com"]
[Source "ChessBase"]
[SourceQuality "1"]
[TimeControl "5400+30"]

1. Nf3 Nf6 2. c4 e6 3. g3 d5 4. b3 c5 5. Bg2 Nc6 6. O-O Be7 7. e3 O-O 8. Bb2 b6 9. Qe2 Bb7 10. d3 Rc8 11. Rd1 Qc7 12. e4 d4 13. Nbd2 e5 14. Rf1 Rce8 15. Rae1 g6 16. Nh4 Bc8 17. Bc1 Bg4 18. Ndf3 Kg7 19. Qd2 Ng8 20. h3 Bd7 21. Ng5 h6 22. Ngf3 f5 23. exf5 gxf5 24. Re2 Bf6 25. Rfe1 Re7 26. Bh1 Rfe8 27. Qd1 Qd8 28. Ng2 e4 29. Nfh4 Nb4 30. Nf4 Bxh4 31. gxh4 Kh7 32. dxe4 Rg7+ 33. Kh2 Qxh4 34. e5 d3 35. Nxd3 Nxd3 36. Qxd3 Rxe5 37. Bd5 Nf6 38. Rg1 Ng4+ 39. Rxg4 Rxg4 40. Bf3 Rd4 41. Qc2 Qe7 42. Rxe5 Qxe5+ 43. Kg2 Rd6 44. Bb2 Rg6+ 45. Kf1 Qh2 46. Qd3 Qg1+ 47. Ke2 Re6+ 48. Kd2 Qxf2+ 49. Be2 Qf4+ 50. Ke1 Rd6 51. Qc3 Rd4 52. Bc1 Qh4+ 53. Kf1 f4 54. Bf3 Qxh3+ 55. Kf2 Qg3+ 56. Ke2 Qh2+ 57. Ke1 Bh3 58. Be3 fxe3 59. Qxe3 Qg3+ 60. Ke2 Bf1+ 61. Kxf1 Rd1+ 0-1

[Event "7th Uppsala Young Champions"]
[Site "Uppsala"]
[Date "2020.10.27"]
[Round "7.15"]
[White "Rozman, Monika"]
[Black "Hrescak, Ivana"]
[Result "1-0"]
[ECO "B21"]
[WhiteElo "2129"]
[BlackElo "2237"]
[Annotator "ChessBase"]
[PlyCount "63"]
[EventDate "2020.10.23"]
[EventType "swiss"]
[EventCountry "SWE"]
[SourceTitle "playchess.com"]
[Source "ChessBase"]
[SourceQuality "1"]
[TimeControl "5400+30"]

1. e4 g6 2. f4 Bg7 3. Nf3 c5 4. d3 d6 5. g3 e6 6. Bg2 Ne7 7. O-O O-O 8. Na3 a6 9. Nh4 Nbc6 10. c3 d5 11. Nc2 f5 12. e5 Rb8 13. Nf3 b5 14. Be3 c4 15. Bc5 Re8 16. Rf2 Bd7 17. Ne3 h6 18. Rd2 Rb7 19. Nh4 g5 20. Nhxf5 exf5 21. dxc4 bxc4 22. Nxd5 Qa5 23. Bf2 Nxd5 24. Rxd5 Qd8 25. Rd6 Qc8 26. Qd5+ Kh8 27. Rd1 Be6 28. Qxc6 Rxb2 29. Qxc8 Rxc8 30. Rxe6 Rc2 31. Bd4 Rb8 32. Rb6 1-0

[Event "7th Uppsala Young Champions"]
[Site "Uppsala"]
[Date "2020.10.27"]
[Round "7.18"]
[White "Grahn, Vidar"]
[Black "Crevatin, Leo"]
[Result "0-1"]
[ECO "B10"]
[WhiteElo "1864"]
[BlackElo "2181"]
[Annotator "ChessBase"]
[PlyCount "112"]
[EventDate "2020.10.23"]
[EventType "swiss"]
[EventCountry "SWE"]
[SourceTitle "playchess.com"]
[Source "ChessBase"]
[SourceQuality "1"]
[TimeControl "5400+30"]

1. e4 c6 2. d3 d5 3. Nd2 e5 4. Ngf3 Bd6 5. g3 Nf6 6. Bg2 O-O 7. O-O Re8 8. Re1 Nbd7 9. b3 a5 10. a3 Nf8 11. Bb2 Ng6 12. d4 Bg4 13. dxe5 Bxe5 14. Bxe5 Nxe5 15. exd5 Nxd5 16. c4 Nc3 17. Qc2 Qd3 18. Qxd3 Nxd3 19. Rxe8+ Rxe8 20. Kf1 Re2 21. Kg1 Rxf2 22. Rf1 Re2 23. Nb1 Nxb1 24. Rxb1 Rb2 25. Rxb2 Nxb2 26. Nd2 Be6 27. Bf1 Nd1 28. Be2 Ne3 29. Kf2 Nc2 30. Nb1 Nd4 31. Nd2 c5 32. Ke3 Nxe2 33. Kxe2 Bf5 34. Kd1 f6 35. Kc1 Kf7 36. Kb2 Ke6 37. b4 axb4 38. axb4 cxb4 39. Kb3 g5 40. Kxb4 Bh3 41. Ne4 Bg2 42. Nc5+ Kd6 43. Kb5 f5 44. Nd3 Be4 45. Nf2 Ke5 46. Kc5 h6 47. Kb6 Kd4 48. c5 Bd5 49. Kc7 Kxc5 50. Kd7 Kd4 51. Ke7 Bf3 52. h4 g4 53. h5 b5 54. Kf6 b4 55. Kg6 b3 56. Kxh6 b2 0-1

[Event "7th Uppsala Young Champions"]
[Site "Uppsala"]
[Date "2020.10.27"]
[Round "7.19"]
[White "Ruzic, Pia Marie"]
[Black "Ostensson, Julia"]
[Result "1-0"]
[ECO "A16"]
[WhiteElo "1929"]
[BlackElo "1562"]
[Annotator "NA"]
[PlyCount "93"]
[EventDate "2020.10.23"]
[EventType "swiss"]
[EventCountry "SWE"]
[SourceTitle "playchess.com"]
[Source "ChessBase"]
[SourceQuality "1"]
[TimeControl "5400+30"]

1. c4 g6 2. Nf3 Nf6 3. Nc3 Bg7 4. g3 O-O 5. Bg2 d6 6. O-O Nc6 7. d3 {[%emt 0:00:29] 7.d4 is more fashionable.} Nh5 8. Rb1 f5 9. Nd5 {[%emt 0:09:58] A16: English Opening: 1...Nf6 with ...d5.} h6 (9... a5 $11) 10. b4 e5 11. b5 Ne7 12. Nd2 f4 13. Nxe7+ Qxe7 14. Ne4 {[%emt 0:00:05] [#]} Be6 $146 ({Predecessor:} 14... g5 15. Bd2 Nf6 16. Bb4 Nxe4 17. Bxe4 Bh3 18. Bg2 Bxg2 19. Kxg2 e4 20. Qc2 f3+ 21. exf3 exf3+ {0-1 (29) Pupak,T (2016)-Hanko,P (2141) Slovakia 2014}) 15. Ba3 Nf6 (15... a6 $11) 16. Nxf6+ {[%emt 0:00:48] Discovered Attack} Rxf6 17. Bxb7 Raf8 18. Bg2 Qf7 (18... Bg4 $16) 19. Rc1 ({White should try} 19. Qa4 $18) 19... Rd8 ({Black should try} 19... h5 $14) 20. Bb2 Rf5 (20... fxg3 $142 21. fxg3 (21. hxg3 Rf8 $16) 21... Rxf1+ 22. Qxf1 Bf6) 21. e4 (21. Qa4 $18 {has better winning chances.}) 21... Rh5 ({Black should play} 21... Rf6) 22. h4 g5 $18 (22... Bf6 $16 {was worth a try.} 23. c5 Rb8 24. cxd6 cxd6) 23. Bf3 g4 24. Bxg4 Bxg4 25. Qxg4 Kh7 26. c5 Bf6 27. cxd6 cxd6 28. Rc7 Qxc7 29. Qxh5 Qg7 30. Kh2 Rg8 31. Rg1 f3 32. Rc1 Bd8 33. d4 exd4 34. Qxf3 Rf8 35. Qg2 Bb6 36. f4 Qg4 37. a4 Rg8 38. a5 Bxa5 39. Bxd4 Bd2 40. Rc7+ Kg6 41. Qxd2 Kh5 42. Bf2 Qf3 43. Qd5+ Rg5 44. Qf7+ Kg4 45. Qe6+ Kh5 46. Rc2 Qd1 47. fxg5 1-0

[Event "7th Uppsala Young Champions"]
[Site "Uppsala"]
[Date "2020.10.27"]
[Round "7.20"]
[White "Skahlberg Bjerknes-Lima de Far, Warg"]
[Black "Buchert, Matthaus"]
[Result "1-0"]
[ECO "A25"]
[WhiteElo "1759"]
[BlackElo "1427"]
[Annotator "NA"]
[PlyCount "59"]
[EventDate "2020.10.23"]
[EventType "swiss"]
[EventCountry "SWE"]
[SourceTitle "playchess.com"]
[Source "ChessBase"]
[SourceQuality "1"]
[TimeControl "5400+30"]

1. c4 e5 2. Nc3 Nc6 3. g3 f5 4. Bg2 Nf6 5. d3 Bb4 6. Bd2 O-O 7. Nf3 d6 8. a3 Bxc3 9. Bxc3 Qe8 10. O-O Qh5 11. b4 f4 12. b5 Ne7 13. c5 Kh8 14. cxd6 Ng6 15. Bb4 cxd6 16. Qc2 Nd5 17. Bxd6 Rd8 18. Bc7 Rd7 19. Ba5 b6 20. Bd2 Rc7 21. Qb2 Bb7 22. Rfc1 Re7 23. Rc4 Nf6 24. Rac1 e4 25. dxe4 Nxe4 26. Bb4 Qxb5 27. a4 Qd7 28. Bxe7 Qxe7 29. Rc7 Qa3 30. Qxg7# 1-0

[Event "7th Uppsala Young Champions"]
[Site "Uppsala"]
[Date "2020.10.28"]
[Round "8.20"]
[White "Skahlberg Bjerknes-Lima de Far, Warg"]
[Black "Ostensson, Julia"]
[Result "1-0"]
[ECO "E61"]
[WhiteElo "1759"]
[BlackElo "1562"]
[Annotator "NA RC"]
[PlyCount "87"]
[EventDate "2020.10.23"]
[EventType "swiss"]
[EventCountry "SWE"]
[SourceTitle "playchess.com"]
[Source "ChessBase"]
[SourceQuality "1"]
[TimeControl "5400+30"]

1. c4 g6 2. g3 Nf6 3. Bg2 Bg7 4. Nc3 O-O 5. e3 e5 6. Nge2 d6 7. O-O Nc6 8. d4 Nh5 9. b3 f5 10. dxe5 dxe5 11. Bd5+ Kh8 12. Ba3 Ne7 13. Bg2 Bd7 14. Nd5 Rf7 15. Bxe7 Rxe7 16. Nxe7 Qxe7 17. Bxb7 Rf8 18. Bh1 f4 19. exf4 exf4 20. Rc1 Bh3 21. Re1 Qg5 22. Qd3 Be5 23. Nc3 fxg3 24. hxg3 Qf6 25. Ne4 Qb6 26. c5 Qa5 27. Ng5 Bf5 28. Qd5 Bf6 29. Ne4 Rd8 30. Qc4 Bg7 31. b4 Qa3 32. Re3 Qb2 33. Ng5 Rf8 34. Rce1 Qf6 35. Nf3 Bg4 36. Qxg4 Bh6 37. Re6 Qc3 38. Qd4+ Qxd4 39. Nxd4 Bd2 40. R1e2 Bxb4 41. Re8 Bxc5 42. Rxf8+ Bxf8 43. Re8 Kg7 44. Ne6+ 1-0

[Event "7th Uppsala Young Champions"]
[Site "Uppsala"]
[Date "2020.10.28"]
[Round "9.3"]
[White "Sorensen, Hampus"]
[Black "Storme, Isak"]
[Result "0-1"]
[ECO "D30"]
[WhiteElo "2393"]
[BlackElo "2393"]
[Annotator "ChessBase"]
[PlyCount "80"]
[EventDate "2020.10.23"]
[EventType "swiss"]
[EventCountry "SWE"]
[SourceTitle "playchess.com"]
[Source "ChessBase"]
[SourceQuality "1"]
[TimeControl "5400+30"]

1. d4 d5 2. c4 e6 3. Nf3 Be7 4. Qc2 Nf6 5. Bg5 O-O 6. e3 h6 7. Bxf6 Bxf6 8. h4 Nc6 9. Nc3 Nb4 10. Qd2 c5 11. dxc5 Qa5 12. cxd5 exd5 13. Nxd5 Nc2+ 14. Kd1 Qxd2+ 15. Kxd2 Nxa1 16. Nxf6+ gxf6 17. Bd3 Be6 18. Be4 Rac8 19. b4 b6 20. Bb7 Rfd8+ 21. Kc3 Rc7 22. c6 Bc8 23. Bxc8 Rxc6+ 24. Kb2 Rc2+ 25. Kxa1 Rdxc8 26. Rf1 Rc1+ 27. Rxc1 Rxc1+ 28. Kb2 Rf1 29. Nd4 Rxf2+ 30. Kb3 Rxg2 31. a4 Rg3 32. Kc4 Rxe3 33. Kb5 f5 34. Ka6 f4 35. Nf5 Re4 36. Kxa7 Rxb4 37. Nxh6+ Kf8 38. Ng4 f3 39. Nh2 f2 40. Ka6 Rxa4+ 0-1

[Event "7th Uppsala Young Champions"]
[Site "Uppsala"]
[Date "2020.10.28"]
[Round "9.4"]
[White "Kusa, Jakub"]
[Black "Muetsch, Annmarie"]
[Result "1-0"]
[ECO "B31"]
[WhiteElo "2233"]
[BlackElo "2226"]
[Annotator "ChessBase"]
[PlyCount "73"]
[EventDate "2020.10.23"]
[EventType "swiss"]
[EventCountry "SWE"]
[SourceTitle "playchess.com"]
[Source "ChessBase"]
[SourceQuality "1"]
[TimeControl "5400+30"]

1. e4 c5 2. Nf3 Nc6 3. Bb5 g6 4. Bxc6 dxc6 5. d3 Bg7 6. h3 e5 7. O-O Qc7 8. a3 Nf6 9. Nbd2 Be6 10. b4 cxb4 11. axb4 h6 12. Bb2 Nd7 13. Ra3 O-O 14. Qa1 c5 15. b5 b6 16. Nc4 Bxc4 17. dxc4 Rfe8 18. Rd1 Nf8 19. Rad3 f6 20. Rd5 Red8 21. Qa3 Ne6 22. Qd3 Nd4 23. Nxd4 cxd4 24. c3 Rxd5 25. cxd5 dxc3 26. Rc1 Bf8 27. Rxc3 Bc5 28. Ba3 Qd6 29. Bxc5 bxc5 30. Qc4 a6 31. Qxc5 Qxc5 32. Rxc5 axb5 33. Rxb5 Ra1+ 34. Kh2 Rd1 35. f3 f5 36. Rb6 Kg7 37. Re6 1-0

[Event "7th Uppsala Young Champions"]
[Site "Uppsala"]
[Date "2020.10.28"]
[Round "9.5"]
[White "Soderstrom, Adrian"]
[Black "Kucuksari, Kaan"]
[Result "0-1"]
[ECO "A80"]
[WhiteElo "2168"]
[BlackElo "2384"]
[Annotator "ChessBase"]
[PlyCount "120"]
[EventDate "2020.10.23"]
[EventType "swiss"]
[EventCountry "SWE"]
[SourceTitle "playchess.com"]
[Source "ChessBase"]
[SourceQuality "1"]
[TimeControl "5400+30"]

1. d4 f5 2. Bg5 h6 3. Bh4 g5 4. e4 Rh7 5. Qh5+ Rf7 6. Nf3 Nf6 7. Qg6 Nc6 8. e5 Nh7 9. d5 e6 10. dxc6 gxh4 11. cxd7+ Bxd7 12. Bc4 Qe7 13. Qh5 O-O-O 14. Qxh4 Ng5 15. Nxg5 hxg5 16. Qg3 f4 17. Qa3 Rf5 18. O-O Qxa3 19. Nxa3 Rxe5 20. Rfe1 Rxe1+ 21. Rxe1 Bg7 22. c3 e5 23. h3 c6 24. Bb3 b5 25. f3 Kc7 26. Kf2 a5 27. Bc2 Be6 28. Bb3 Bd7 29. Bc2 Rb8 30. Nb1 b4 31. c4 Rd8 32. Rd1 e4 33. Bxe4 Bxb2 34. Ke2 a4 35. Bc2 b3 36. axb3 a3 37. Nxa3 Bxa3 38. Be4 Rb8 39. Rb1 Bb4 40. Ra1 Bc5 41. Ra5 Kd6 42. Bc2 Be6 43. Ra6 Bb6 44. Be4 Bc8 45. Ra2 Bc5 46. Bc2 Bb4 47. Be4 Kc5 48. Ra7 Bb7 49. Bd3 Re8+ 50. Be4 Kb6 51. Ra1 c5 52. Rb1 Bxe4 53. fxe4 Rxe4+ 54. Kf3 Re3+ 55. Kg4 Rg3+ 56. Kf5 Rxg2 57. Rf1 Bd2 58. Rd1 f3 59. Ke4 f2 60. Rf1 Be1 0-1

[Event "7th Uppsala Young Champions"]
[Site "Uppsala"]
[Date "2020.10.28"]
[Round "9.9"]
[White "Nemec, Jachym"]
[Black "Heimisson, Hilmir Freyr"]
[Result "0-1"]
[ECO "E47"]
[WhiteElo "2246"]
[BlackElo "2352"]
[Annotator "NA"]
[PlyCount "70"]
[EventDate "2020.10.23"]
[EventType "swiss"]
[EventCountry "SWE"]
[SourceTitle "playchess.com"]
[Source "ChessBase"]
[SourceQuality "1"]
[TimeControl "5400+30"]

1. d4 Nf6 2. c4 e6 3. Nc3 Bb4 4. e3 O-O 5. Bd3 b6 6. Nge2 d6 7. O-O e5 (7... d5 $11 {and Black has nothing to worry.}) 8. Nd5 Nxd5 9. cxd5 Ba5 10. a3 b5 11. b4 Bb6 12. Bb2 Qe8 13. Qc2 h6 14. dxe5 dxe5 15. Nc3 Bd7 16. Kh1 f5 17. a4 (17. f4 $18 e4 18. Nxe4 fxe4 19. Bxe4) 17... bxa4 18. Nxa4 Bxa4 19. Rxa4 e4 20. Bc4 Kh8 21. d6 Nd7 22. Rd1 c6 (22... cxd6 $14 23. Rxd6 Nf6) 23. Qc3 Qg6 {[%emt 0:06:02] [#]} 24. Be6 (24. g3 $1 $16) 24... Nf6 25. d7 Ng4 {[%emt 0:12:45] [#]} 26. Rd6 $19 (26. Rf1 $1 $16 {and life is bright.} Bc7 27. h3 (27. Qxc6 Bxh2 28. d8=R Rfxd8 $19)) 26... Nxf2+ 27. Kg1 Ng4 28. Bb3 Bxe3+ 29. Kh1 Nf2+ 30. Kg1 Nd3+ 31. Kh1 Qg5 32. d8=Q Rfxd8 33. Qxc6 Nxb2 34. Ra6 Rxd6 35. Qxd6 Rd8 0-1

[Event "7th Uppsala Young Champions"]
[Site "Uppsala"]
[Date "2020.10.28"]
[Round "9.10"]
[White "Kruckenhauser, Arthur"]
[Black "Radeva, Viktoria"]
[Result "1/2-1/2"]
[ECO "D02"]
[WhiteElo "2301"]
[BlackElo "2263"]
[Annotator "ChessBase"]
[PlyCount "79"]
[EventDate "2020.10.23"]
[EventType "swiss"]
[EventCountry "SWE"]
[SourceTitle "playchess.com"]
[Source "ChessBase"]
[SourceQuality "1"]
[TimeControl "5400+30"]

1. d4 d5 2. Bf4 Nf6 3. e3 e6 4. Nf3 Bd6 5. Bg3 O-O 6. Nbd2 c5 7. c3 Qc7 8. Bd3 Nbd7 9. O-O Bxg3 10. hxg3 e5 11. Nxe5 Nxe5 12. dxe5 Qxe5 13. Qf3 b6 14. Qf4 Qe7 15. e4 dxe4 16. Nxe4 Nd5 17. Qg5 Qxg5 18. Nxg5 h6 19. Bh7+ Kh8 20. Be4 Bb7 21. Rad1 Rad8 22. Nf3 Rfe8 23. Rfe1 Bc6 24. g4 Kg8 25. g5 hxg5 26. Nxg5 Kf8 27. Nh7+ Kg8 28. Ng5 Kf8 29. f3 f6 30. Nh3 Kf7 31. Kf2 g5 32. Rd3 Ne7 33. Red1 Rxd3 34. Bxd3 Bd5 35. a3 Bb3 36. Rd2 Nc6 37. Be4 Rd8 38. Rxd8 Nxd8 39. f4 gxf4 40. Nxf4 1/2-1/2

[Event "7th Uppsala Young Champions"]
[Site "Uppsala"]
[Date "2020.10.28"]
[Round "9.13"]
[White "Rozman, Monika"]
[Black "Crevatin, Leo"]
[Result "1/2-1/2"]
[ECO "B19"]
[WhiteElo "2129"]
[BlackElo "2181"]
[Annotator "NA"]
[PlyCount "93"]
[EventDate "2020.10.23"]
[EventType "swiss"]
[EventCountry "SWE"]
[SourceTitle "playchess.com"]
[Source "ChessBase"]
[SourceQuality "1"]
[TimeControl "5400+30"]

1. e4 c6 2. d4 d5 3. Nc3 dxe4 4. Nxe4 Bf5 5. Ng3 Bg6 6. h4 h6 7. h5 Bh7 8. Nf3 Nf6 9. Bd3 Bxd3 10. Qxd3 e6 11. Bd2 c5 12. Ne4 Nc6 13. Nxc5 Bxc5 14. dxc5 Qxd3 $11 {keeps the balance.} (14... Qd5 ) 15. cxd3 O-O-O 16. Ke2 Rd5 17. b4 Rhd8 18. b5 Nd4+ 19. Nxd4 Rxd4 20. b6 a6 21. Rh3 R4d5 22. Rc1 Kd7 23. g4 Kc6 24. Rf3 R8d7 25. Rxf6 gxf6 26. Bxh6 f5 27. Bg7 fxg4 28. Rh1 f6 $4 ({Inferior is} 28... Rxc5 29. h6 $16) (28... Rxd3 $19 29. h6 Rd2+ 30. Ke3 R7d3+ 31. Kf4 Rxf2+ 32. Kxg4 Rg2+ 33. Kh4 Rd8) 29. h6 Rxg7 30. hxg7 Rg5 31. Rh7 e5 {[%emt 0:02:01] [#]} 32. g8=Q $2 ({Only move:} 32. d4 $1 $18) 32... Rxg8 33. Rc7+ Kd5 34. Rxb7 Kxc5 35. Rf7 Kxb6 36. Rxf6+ Kb7 37. Ke3 g3 38. fxg3 Rxg3+ 39. Ke4 Rg2 40. Kxe5 Rxa2 41. d4 Rd2 42. d5 a5 43. Kd6 a4 44. Rf4 a3 45. Rb4+ Kc8 46. Rc4+ Kb8 $11 47. Rb4+ 1/2-1/2